Map: [ESL] Solaris

Players

Oliveira

  • Race: Terran Terran
  • Spawn Location: 7:00

Clem - Winner!

  • Race: Terran Terran
  • Spawn Location: 1:00

Event: IEM Katowice 2024

VOD

Have the link to the VOD?

Description

Time

  • Played on: Feb. 9, 2024, 5:10 a.m.
  • Length: 9:24

All games in this series

Show
View Real Time Build Order
Export as new Build Order

Oliveira Terran 

Build Orders:  

Get SALT Encoding   

  12  0:00  SCV  
  13  0:12  SCV  
  14  0:17  Supply Depot  
  14  0:25  SCV  
  15  0:39  SCV  
  15  0:40  Barracks  
  16  0:43  Refinery  
  16  0:51  SCV  
  16  0:53  Refinery  
  17  1:03  SCV  
  18  1:15  SCV  
  19  1:27  Reaper  
  19  1:28  Orbital Command  
  19  1:30  Supply Depot  
  20  1:43  Factory  
  20  1:54  SCV  
  20  2:00  Barracks Reactor  
  21  2:06  SCV  
  22  2:18  Command Center  
  22  2:22  SCV  
  23  2:28  Hellion  
  25  2:34  SCV  
  26  2:39  Reaper  
  26  2:40  Reaper  
  26  2:41  Supply Depot  
  28  2:46  SCV  
  28  2:50  Hellion  
  31  3:01  Starport  
  31  3:02  SCV  
  32  3:12  Hellion, Reaper  
  35  3:13  Reaper  
  35  3:16  SCV  
  37  3:34  SCV  
  38  3:39  Cyclone  
  38  3:40  Orbital Command  
  40  3:43  Marine  
  40  3:45  Marine  
  40  3:46  SCV  
  43  3:50  Medivac  
  43  3:55  Supply Depot  
  43  3:58  SCV  
  43  4:01  Marine  
  39  4:06  SCV  
  39  4:07  Marine  
  41  4:10  SCV  
  41  4:15  Factory Tech Lab  
  42  4:18  SCV  
  42  4:21  Starport Tech Lab  
  42  4:22  SCV  
  44  4:25  Command Center  
  44  4:32  SCV  
  44  4:34  Siege Tank  
  44  4:35  SCV  
  44  4:38  Marine x2, Refinery  
  50  4:41  Raven  
  50  4:44  SCV  
  54  4:47  SCV  
  54  4:51  Supply Depot  
  54  4:56  Marine  
  54  4:57  Marine  
  53  5:00  SCV  
  53  5:06  Siege Tank  
  51  5:10  SCV  
  51  5:14  Marine  
  43  5:18  Viking, SCV  
  42  5:22  SCV  
  43  5:30  SCV  
  43  5:34  SCV, Marine  
  46  5:37  Marine  
  46  5:42  SCV  
  48  5:46  Siege Tank, SCV  
  50  5:54  SCV  
  51  5:58  SCV  
  51  6:00  Marine  
  51  6:01  Raven  
  55  6:06  SCV  
  55  6:10  SCV  
  57  6:11  Barracks  
  57  6:12  Barracks, Interference Matrix  
  57  6:18  SCV  
  57  6:19  Orbital Command  
  57  6:23  SCV  
  59  6:29  Marine x2  
  59  6:30  SCV  
  62  6:34  Engineering Bay  
  62  6:35  SCV, Engineering Bay  
  62  6:39  Raven  
  65  6:42  SCV  
  65  6:45  SCV, Supply Depot  
  65  6:46  Marine  
  65  6:47  SCV, Marine  
  70  6:55  SCV  
  70  6:56  Barracks  
  70  6:57  Barracks, SCV  
  72  7:01  Terran Infantry Weapons Level 1  
  72  7:04  Factory Tech Lab, Terran Infantry Armor Level 1  
  72  7:07  SCV  
  72  7:08  Marine  
  73  7:10  Stimpack, Refinery  
  73  7:12  SCV  
  75  7:16  Marine  
  75  7:17  Marine x2  
  75  7:21  Supply Depot  
  75  7:22  Combat Shield  
  78  7:24  SCV  
  78  7:25  Orbital Command, SCV  
  78  7:26  Starport Reactor, Marine  
  81  7:34  Marine  
  81  7:36  Marine  
  81  7:37  SCV x2  
  85  7:38  Marine  
  85  7:41  Siege Tank  
  85  7:42  Marine  
  90  7:45  Marine x2  
  90  7:49  SCV  
  90  7:51  Marine, Supply Depot, SCV x2  
  93  7:54  Marine  
  93  7:56  Marine  
  97  8:01  Marine  
  97  8:03  Supply Depot, SCV x2, Marine  
  97  8:04  Missile Turret  
  101  8:10  Supply Depot  
  101  8:12  Medivac x2, Marine x3, SCV  
  108  8:19  Missile Turret  
  109  8:23  Siege Tank, SCV x2, Marine x2  
  109  8:26  Marine  
  117  8:28  SCV  
  117  8:30  Marine x2  
  117  8:33  Supply Depot, Marine  
  121  8:35  SCV  
  121  8:41  Armory  
  122  8:42  Medivac x2  
  122  8:48  Marine x2  
  126  8:49  Marine  
  126  8:50  SCV  
  123  8:56  Marine  
  123  8:57  Marine x2  
  94  9:05  SCV x2  
  94  9:06  Marine x2  
  94  9:09  Refinery  
Show
View Real Time Build Order
Export as new Build Order

Clem Terran - Winner!

Build Orders: Cyclone Opening 

Get SALT Encoding   

  12  0:00  SCV  
  13  0:12  SCV  
  14  0:18  Supply Depot  
  14  0:24  SCV  
  15  0:40  SCV  
  15  0:42  Barracks  
  16  0:44  Refinery  
  16  0:52  SCV  
  16  0:54  Refinery  
  17  1:04  SCV  
  18  1:16  SCV  
  19  1:29  Orbital Command, Reaper  
  19  1:31  Supply Depot  
  20  1:43  Factory  
  20  1:54  SCV  
  22  2:06  SCV  
  22  2:07  Barracks Reactor  
  22  2:19  Command Center  
  22  2:30  Cyclone, SCV  
  23  2:42  Starport  
  23  2:43  SCV  
  24  2:45  Marine x2  
  26  2:51  Supply Depot  
  26  2:55  SCV  
  27  3:07  SCV  
  27  3:09  Cyclone  
  30  3:13  Cyclone  
  30  3:19  SCV  
  33  3:26  Medivac  
  35  3:27  Refinery  
  35  3:32  Orbital Command  
  35  3:35  SCV  
  38  3:41  Cyclone  
  38  3:48  Cyclone, SCV  
  39  3:53  Supply Depot  
  41  3:58  SCV  
  41  4:00  SCV  
  39  4:04  Starport Tech Lab  
  39  4:10  SCV  
  39  4:12  SCV  
  39  4:15  Cyclone  
  43  4:22  Raven  
  43  4:23  SCV  
  47  4:24  SCV  
  47  4:29  Cyclone  
  49  4:35  Interference Matrix, SCV  
  49  4:36  SCV  
  49  4:38  Supply Depot  
  51  4:43  Barracks Tech Lab  
  51  4:47  SCV  
  51  4:48  SCV  
  51  4:49  Cyclone  
  55  4:59  SCV  
  52  5:00  SCV  
  51  5:11  SCV  
  51  5:12  SCV  
  51  5:16  Raven  
  51  5:23  SCV  
  51  5:24  SCV  
  51  5:25  Cyclone  
  54  5:35  SCV  
  55  5:36  SCV  
  55  5:37  Cyclone  
  55  5:40  Supply Depot  
  58  5:45  Command Center  
  58  5:47  SCV  
  58  5:49  SCV  
  60  5:52  Refinery  
  60  5:56  Raven  
  62  5:57  Supply Depot  
  62  5:59  SCV  
  62  6:01  SCV  
  62  6:04  Cyclone  
  62  6:08  Supply Depot  
  64  6:11  SCV  
  64  6:12  Barracks x2  
  64  6:13  SCV  
  64  6:16  Stimpack  
  64  6:17  Marine  
  67  6:22  Engineering Bay  
  67  6:23  Engineering Bay  
  67  6:24  SCV  
  68  6:26  SCV  
  69  6:34  Marine  
  69  6:36  SCV  
  69  6:38  SCV  
  72  6:41  Starport Reactor  
  72  6:45  Barracks  
  72  6:46  Barracks  
  72  6:48  SCV  
  72  6:50  SCV  
  72  6:51  Terran Infantry Weapons Level 1, Terran Infantry Armor Level 1  
  72  6:53  Marine  
  75  6:57  Orbital Command  
  75  7:00  SCV  
  76  7:03  Siege Tank  
  76  7:04  SCV  
  80  7:08  Supply Depot  
  80  7:11  Marine  
  80  7:12  SCV  
  80  7:13  Marine x2  
  84  7:16  SCV  
  85  7:22  Marine  
  85  7:24  Starport Reactor, SCV, Marine  
  85  7:29  SCV, Marine  
  90  7:31  Orbital Command  
  90  7:33  Supply Depot  
  90  7:34  Barracks Reactor x2  
  90  7:35  Marine  
  90  7:36  SCV  
  90  7:37  Siege Tank  
  95  7:41  SCV  
  95  7:45  Missile Turret  
  95  7:46  Missile Turret, Marine  
  95  7:48  SCV, Marine  
  95  7:49  Marine  
  95  7:51  Marine  
  100  7:53  SCV  
  100  7:57  SCV  
  100  7:58  Marine  
  103  8:00  SCV  
  103  8:02  Supply Depot  
  103  8:03  Medivac  
  103  8:04  Marine  
  103  8:05  Medivac  
  109  8:07  Marine  
  109  8:09  Refinery x2  
  109  8:12  Marine  
  111  8:13  Marine x3  
  111  8:17  Marine x3  
  117  8:20  Siege Tank  
  117  8:23  SCV  
  117  8:24  SCV  
  117  8:25  SCV, Supply Depot  
  123  8:31  Armory  
  123  8:35  SCV  
  123  8:36  Sensor Tower  
  123  8:37  Marine x3  
  123  8:38  SCV  
  123  8:39  Supply Depot  
  123  8:40  Marine  
  123  8:41  SCV  
  130  8:42  Marine  
  130  8:46  Marine  
  130  8:47  Supply Depot  
  132  8:49  Marine  
  132  8:50  Marine x2  
  135  9:01  Marine x2  
  135  9:02  Marine x3  
  136  9:05  Marine  
  136  9:06  Supply Depot  
  137  9:16  Command Center  

Tags
 
Add a new tag
Caveats
  • Supply blocks, unpowered buildings, or Contaminate may cause inaccurate times.
  • Supply counts are checked every 10 seconds.